Map: Oxide LE

Players

HeroMarine - Winner!

  • Race: Terran Terran

Lambo

  • Race: Zerg Zerg

Event: DreamHack SC2 Masters 2021 Winter

VOD

Have the link to the VOD?

Description

Time

  • Played on: Oct. 8, 2021, 11:02 a.m.
  • Length: 10:25

All games in this series

Show
View Real Time Build Order
Export as new Build Order

HeroMarine Terran - Winner!

Build Orders: Reaper Expand 

Get SALT Encoding   

  12  0:00  SCV  
  13  0:12  SCV  
  14  0:17  Supply Depot  
  14  0:24  SCV  
  15  0:38  SCV  
  15  0:40  Barracks  
  16  0:43  Refinery  
  16  0:50  SCV  
  17  1:02  SCV  
  18  1:15  SCV  
  19  1:26  Reaper  
  19  1:27  Orbital Command  
  20  1:39  Command Center  
  20  1:50  Supply Depot  
  20  1:52  SCV  
  21  1:58  Marine  
  22  2:04  SCV  
  22  2:08  Factory  
  23  2:14  Refinery  
  23  2:16  SCV  
  23  2:20  Barracks Reactor  
  24  2:28  SCV  
  25  2:40  SCV  
  26  2:52  Hellion, SCV, Orbital Command  
  26  2:53  Starport  
  26  2:57  Marine x2  
  31  3:05  SCV  
  32  3:13  Hellion  
  32  3:17  SCV, Marine x2  
  32  3:18  Supply Depot, SCV  
  38  3:29  SCV  
  38  3:30  Medivac, SCV  
  42  3:35  Hellion, Marine x2  
  46  3:42  Supply Depot  
  46  3:43  SCV x2  
  48  3:55  SCV x2  
  50  4:03  Barracks Tech Lab  
  50  4:04  Starport Tech Lab  
  50  4:05  Command Center  
  50  4:09  SCV x2  
  52  4:18  Factory Reactor  
  52  4:19  Supply Depot  
  52  4:21  SCV x2  
  54  4:25  Cloaking Field, Banshee  
  54  4:27  Stimpack  
  57  4:33  SCV x2  
  59  4:38  Barracks  
  59  4:43  Barracks  
  59  4:44  Marine  
  61  4:45  SCV x2  
  61  4:51  Engineering Bay  
  61  4:52  Engineering Bay  
  62  4:57  SCV x2  
  64  5:02  Marine  
  64  5:03  Refinery  
  64  5:04  Refinery  
  64  5:05  Factory Reactor  
  65  5:09  SCV  
  65  5:10  Banshee, SCV  
  65  5:11  Supply Depot  
  70  5:17  Orbital Command  
  70  5:20  Marine  
  70  5:21  Terran Infantry Weapons Level 1  
  71  5:22  SCV x2  
  73  5:29  Terran Infantry Armor Level 1  
  73  5:34  SCV x2  
  73  5:35  Marine x2  
  75  5:36  Marine  
  75  5:37  Marine x2  
  75  5:41  Supply Depot  
  80  5:46  SCV x2  
  80  5:48  Orbital Command  
  82  5:51  Supply Depot  
  82  5:53  Marine x3  
  82  5:54  Marine  
  82  5:55  Marine  
  87  5:58  SCV x2  
  89  6:05  Supply Depot  
  89  6:06  Siege Tank  
  89  6:10  SCV x2, Combat Shield  
  89  6:11  Marine x3  
  94  6:12  Marine  
  94  6:13  Medivac, Marine  
  94  6:14  Medivac  
  103  6:19  SCV  
  103  6:22  SCV x2  
  106  6:29  Marine x3  
  106  6:31  SCV  
  104  6:33  Barracks x2  
  104  6:34  SCV  
  104  6:35  SCV  
  104  6:39  Marine x2  
  108  6:43  SCV  
  108  6:45  Medivac  
  108  6:46  Marine  
  108  6:47  Medivac, Marine x2  
  116  6:57  Marine  
  117  7:07  Marine  
  117  7:10  SCV  
  117  7:11  SCV, Marine x2  
  117  7:12  Siege Tank, Marine  
  117  7:13  SCV  
  117  7:15  Marine  
  115  7:23  SCV  
  115  7:24  Supply Depot, Barracks Reactor  
  115  7:25  Liberator x2, Supply Depot x2, Marine  
  115  7:29  Marine x2  
  125  7:32  Marine  
  125  7:37  Marine  
  123  7:38  Barracks Reactor  
  123  7:43  Marine  
  124  7:45  Siege Tank  
  124  7:47  Marine x2  
  124  7:48  Supply Depot  
  124  7:49  Armory  
  124  7:50  Marine  
  130  7:54  Marine  
  131  7:59  Supply Depot  
  131  8:00  Marine  
  131  8:03  Marine x2  
  131  8:05  Marine x2  
  136  8:08  Marine  
  136  8:10  Liberator x2  
  136  8:12  Marine  
  143  8:17  Marine x2  
  143  8:18  Marine  
  147  8:21  Marine x2  
  147  8:23  Marine x2  
  147  8:26  Marine  
  152  8:28  Supply Depot  
  152  8:30  Marine  
  153  8:35  Marine x2  
  153  8:36  Marine  
  153  8:39  Marine  
  153  8:41  Marine  
  157  8:47  Marine x3  
  157  8:48  Marine  
  145  8:53  Marine x2  
  145  8:54  Marine  
  113  8:55  Liberator x2  
  113  8:57  Marine  
  113  8:58  Marine  
  121  9:05  Marine x3  
  123  9:11  Siege Tank  
  126  9:18  Marine x2  
  126  9:20  Marine x2  
  128  9:28  Marine x2  
  127  9:32  Marine x2  
  117  9:39  Marine x2  
  117  9:40  Marine  
  117  9:41  Marine x2  
  117  9:46  Marine x2  
  122  9:54  Marine  
  122  9:55  Marine  
  122  9:56  Marine  
  125  10:04  Marine x2  
Show
View Real Time Build Order
Export as new Build Order

Lambo Zerg 

Build Orders: Hatch First 

Get SALT Encoding   

  12  0:00  Drone  
  13  0:12  Overlord  
  13  0:16  Drone  
  14  0:30  Drone x2  
  16  0:47  Hatchery  
  15  0:50  Drone  
  15  0:54  Drone  
  17  0:57  Drone  
  18  1:08  Extractor  
  17  1:12  Spawning Pool  
  17  1:15  Drone  
  17  1:18  Drone  
  18  1:27  Drone  
  19  1:38  Drone  
  20  1:48  Drone  
  21  1:58  Queen  
  21  1:59  Queen  
  21  2:00  Zergling x4  
  27  2:09  Drone  
  27  2:10  Overlord  
  28  2:19  Hatchery  
  28  2:22  Drone  
  28  2:31  Spore Crawler  
  28  2:32  Drone  
  28  2:35  Drone x2  
  30  2:42  Queen  
  33  2:46  Overlord  
  33  2:50  Metabolic Boost  
  33  2:53  Drone  
  33  2:56  Drone  
  35  2:58  Drone  
  36  3:06  Drone, Queen  
  36  3:10  Drone  
  36  3:11  Drone x2  
  42  3:16  Drone x2  
  44  3:22  Overlord  
  44  3:24  Overlord  
  44  3:31  Drone  
  44  3:32  Queen  
  47  3:35  Queen  
  49  3:41  Drone x2  
  49  3:42  Drone x2  
  49  3:45  Drone  
  54  3:49  Overlord  
  54  3:51  Drone x2  
  54  3:54  Drone x2  
  54  3:55  Drone  
  59  3:58  Overlord  
  59  3:59  Drone  
  59  4:02  Overlord  
  60  4:07  Overlord  
  60  4:09  Baneling Nest  
  59  4:15  Zergling x8  
  63  4:19  Zergling x6  
  63  4:22  Queen  
  68  4:25  Overlord  
  68  4:28  Drone  
  68  4:31  Extractor  
  68  4:34  Drone x2  
  68  4:36  Overlord  
  66  4:41  Drone x4  
  66  4:45  Drone x3  
  73  4:46  Lair  
  73  4:49  Drone  
  74  4:55  Overlord  
  74  4:56  Drone  
  74  4:58  Spore Crawler  
  74  5:00  Spore Crawler x2  
  74  5:02  Drone x4  
  74  5:06  Zergling x2  
  77  5:08  Drone x2  
  77  5:12  Drone  
  77  5:14  Extractor x2  
  78  5:16  Drone x3  
  78  5:19  Drone  
  78  5:20  Drone x2  
  84  5:21  Drone x2  
  84  5:23  Drone x2  
  84  5:25  Drone x2  
  90  5:28  Queen  
  90  5:32  Zergling x2  
  93  5:38  Queen  
  93  5:41  Zergling x6  
  98  5:45  Overlord  
  98  5:46  Overlord  
  98  5:47  Hatchery  
  98  5:49  Centrifugal Hooks  
  97  5:53  Zergling x2  
  97  5:54  Zergling x8  
  102  5:57  Zergling x2  
  102  5:58  Zergling x4  
  102  6:01  Baneling x9  
  105  6:12  Evolution Chamber  
  105  6:14  Zergling x14, Evolution Chamber  
  105  6:16  Baneling x4  
  110  6:22  Overlord  
  109  6:27  Drone x6  
  109  6:29  Drone x2  
  116  6:43  Overseer  
  116  6:46  Drone x4  
  117  6:50  Zerg Ground Armor Level 1, Zerg Melee Weapons Level 1  
  116  6:55  Drone x7  
  116  7:01  Overseer  
  120  7:03  Zergling x6  
  120  7:05  Baneling x4  
  120  7:07  Zergling x6  
  120  7:08  Zergling x2  
  125  7:12  Zergling x4  
  125  7:15  Zergling x2  
  116  7:19  Zergling x12  
  122  7:23  Queen  
  122  7:25  Spore Crawler  
  122  7:26  Zergling x6  
  125  7:34  Zergling x4  
  126  7:39  Drone  
  127  7:44  Overlord x4  
  127  7:46  Baneling x2  
  127  7:48  Baneling x8  
  127  7:52  Hatchery  
  127  7:53  Overlord  
  127  7:55  Hatchery, Overlord  
  125  7:59  Zergling x4  
  125  8:05  Zergling x24  
  137  8:10  Zergling x2  
  136  8:19  Zergling x12  
  140  8:21  Zergling x6  
  140  8:25  Zergling x8, Baneling  
  140  8:26  Baneling x8  
  147  8:28  Zergling x4  
  147  8:32  Baneling x2  
  147  8:33  Zergling x8  
  153  8:39  Zergling x4  
  153  8:41  Zergling x2  
  153  8:43  Baneling x9  
  136  8:50  Zergling x16  
  136  8:54  Zergling x12  
  136  8:55  Queen x2  
  126  8:58  Zergling x6  
  126  8:59  Baneling x10, Queen x2  
  126  9:02  Zergling x2  
  134  9:08  Zergling x6  
  131  9:11  Zergling x2  
  131  9:15  Spore Crawler  
  127  9:19  Zergling x12  
  116  9:31  Queen x2  
  98  9:34  Queen  
  98  9:35  Zergling x22, Queen  
  111  9:39  Zergling x2  
  111  9:41  Zergling x2  
  105  9:46  Zergling x4  
  105  9:48  Baneling x9, Zergling x8  
  111  9:53  Zergling x2  
  111  9:57  Zergling x8  
  100  10:00  Zergling x8  
  100  10:03  Zergling x2  
  100  10:05  Zergling x2  
  97  10:08  Zergling x2  

Tags
 
Add a new tag
Caveats
  • Supply blocks, unpowered buildings, or Contaminate may cause inaccurate times.
  • Supply counts are checked every 10 seconds.